 Dungeon Crawl Stone Soup version 0.29-a0-598-gd8304a5bf4 (webtiles) character file.

Game seed: 14798377803970061722

11 vulpzor the Chopper (level 2, -1/27 HPs)
             Began as a Minotaur Monk on June 16, 2022.
             Slain by Sigmund
             ... wielding a +2 scythe of venom
              (3 damage)
             ... on level 2 of the Dungeon.
             The game lasted 00:01:15 (987 turns).

vulpzor the Chopper (Minotaur Monk)                  Turns: 987, Time: 00:01:15

Health: -1/27      AC:  5    Str: 15    XL:     2   Next: 13%
Magic:  1/1        EV: 11    Int:  7    God:
Gold:   22         SH:  0    Dex: 12    Spells: 1/1 levels left

rFire   + . .      SeeInvis .   a - +0 hand axe
rCold   x . .      Faith    .   (no shield)
rNeg    . . .      Spirit   .   j - +0 ring mail
rPois   .          Reflect  .   (helmet restricted)
rElec   .          Harm     .   (no cloak)
rCorr   .          Rampage  .   (no gloves)
Will    .....                   (no boots)
Stlth   ..........              (no amulet)
HPRegen 0.09/turn               k - ring of fire
MPRegen 0.07/turn               (no ring)

@: confused, lethally poisoned (-1 -> -7)
A: horns 2, retaliatory headbutt
a: no special abilities


You were on level 2 of the Dungeon.
You visited 1 branch of the dungeon, and saw 2 of its levels.

You collected 22 gold pieces.

Inventory:

Hand Weapons
 a - a +0 hand axe (weapon)
Armour
 b - a +0 robe
 d - a +0 ring mail
 j - a +0 ring mail (worn)
Jewellery
 k - a ring of fire (left hand)
Scrolls
 e - a scroll of magic mapping {unknown}
 h - a scroll of teleportation {unknown}
 i - a scroll of enchant weapon {unknown}
Potions
 c - a potion of ambrosia
 f - a potion of curing {unknown}
 g - a potion of flight {unknown}
 l - a potion of degeneration {unknown}


   Skills:
 + Level 3.8 Fighting
 + Level 3.8 Axes
 + Level 3.5 Dodging
 + Level 1.8 Stealth


You had one spell level left.
You didn't know any spells.
Your spell library contained the following spells:

 Spells                   Type           Power      Damage    Failure   Level
 Ensorcelled Hibernation  Hex/Ice        0%         N/A       80%         2
 Passwall                 Tmut/Erth      0%         N/A       80%         2
 Swiftness                Air            0%         N/A       95%         3


Dungeon Overview and Level Annotations

Branches:
Dungeon (2/15)

Altars:

Annotations:
D:2 Sigmund


Innate Abilities, Weirdness & Mutations

You have a pair of horns on your head.
You reflexively headbutt those who attack you in melee.


Message History

No target in view!
No target in view!
No target in view!
No target in view!
No target in view!
Sigmund the Dreaded comes into view.
He is wielding a +2 scythe of venom.
Found an escape hatch in the floor.
Sigmund shouts!
Sigmund drinks a potion.
Sigmund's spells are empowered!
Sigmund points at you and mumbles some strange words.
The magic dart hits you.
An endoplasm comes into view.
Sigmund barely misses you.
The endoplasm quivers.
There is a stone staircase leading down here.
You slash Sigmund! You headbutt Sigmund.
Sigmund is moderately wounded.
Sigmund hits you with a +2 scythe of venom!
You are poisoned.
You closely miss Sigmund.
Sigmund is moderately wounded.
You hit the endoplasm.
You feel very sick. Sigmund casts a spell at you.
You are confused.
The endoplasm barely misses you.
You're too confused to move!
You feel sick.
Sigmund points at you and mumbles some strange words.
The puff of flame hits you. You resist.
* * * LOW HITPOINT WARNING * * *
The endoplasm barely misses you.
You closely miss Sigmund.
Sigmund is moderately wounded.
You hit the endoplasm.
* * * LOW HITPOINT WARNING * * *
You feel sick. Sigmund closely misses you. The endoplasm hits you.
* * * LOW HITPOINT WARNING * * *
Sigmund attacks as you move away!
Sigmund hits you with a +2 scythe of venom.
You die...

.. #..#
#..###.########
#.............
#####.....####
..........#####
...##........>.
##.......?####.
###......#
#...@J.#
#....@......
##.....#####
#.....# #######


You could see Sigmund (empowered) and an endoplasm.

Vanquished Creatures
  A ball python (D:1)
  2 bats
  3 jackals (D:1)
  A frilled lizard (D:1)
  3 kobolds (D:1)
10 creatures vanquished.

Notes
Turn   | Place    | Note
-------+----------+-------------------------------------------
     0 | D:1      | vulpzor the Minotaur Monk began the quest for the Orb.
     0 | D:1      | Reached XP level 1. HP: 19/19 MP: 0/0
   415 | D:1      | Reached XP level 2. HP: 18/27 MP: 1/1
   977 | D:2      | Noticed Sigmund
   987 | D:2      | Slain by Sigmund

Illustrated notes

Levels and vault maps discovered:
D:1:      minmay_arrival_doors, layout_basic
D:2:      layout_rooms, ebering_ecumenical_altar_webs, uniq_terence,
          uniq_crazy_yiuf_cottage, uniq_sigmund

Action                   || total
-------------------------++-------
Melee: Hand axe          ||    17
       Headbutt          ||     2
 Stab: Sleeping          ||     1
Armor: Robe              ||     4
       Ring mail         ||     1
Dodge: Dodged            ||    24

Table legend: (Time is in decaauts)
 A = Elapsed time spent in this place.
 B = Non-inter-level travel time spent in this place.
 C = Inter-level travel time spent in this place.
 D = Time resting spent in this place.
 E = Time spent auto-exploring this place.
 F = Levels seen in this place.
 G = Mean time per level.
                   A        B        C        D        E       F      G
               +--------+--------+--------+--------+--------+-----+--------+
         Total |    988 |    988 |      0 |      0 |    841 |   2 |  494.0 |
       Dungeon |    988 |    988 |      0 |      0 |    841 |   2 |  494.0 |
               +--------+--------+--------+--------+--------+-----+--------+

Top non-repeatable levels by time:
     D:1: 972 daAuts
     D:2: 15 daAuts
